[Event "Saint Louis Masters"]
[Date "2024.12.04"]
[White "Khanin, Semen"]
[Black "Nyzhnyk, Illya"]
[WhiteElo "2568"]
[BlackElo "2564"]
[Round "3.8"]
[Result "1/2-1/2"]
[TimeControl "5400+30"]

1. d4 d5 2.
c4 c6 3. Nf3 Nf6 4. Nc3 e6 5. Bg5 h6 6. Bxf6 Qxf6 7. a3 dxc4 8. e3 b5 9. Ne5 Bb7 10. b3 cxb3 11.
Nxb5 b2 12.
Rb1 cxb5 13.
Bxb5+ Kd8 14. O-O Bd6 15. Rxb2 Bd5 16. f4 Qe7 17. Bc4 Bxe5 18. dxe5 Qc5 19. Bxd5 exd5 20. Qd2 Nd7 21. Rc1 Qxa3 22. Ra2 Qb3 23. Rb2 Qa3 24. Ra2 1/2-1/2

[Site "Europe Echecs"]

[Event "Saint Louis Masters"]
[Date "2024.12.04"]
[White "Heimann, Mark"]
[Black "Mishra, Abhimanyu"]
[WhiteElo "2459"]
[BlackElo "2616"]
[Round "3.9"]
[Result "1/2-1/2"]
[TimeControl "5400+30"]

1. d4 Nf6 2. c4 e6 3. Nf3 d5 4. Nc3 c6 5. e3 Nbd7 6. Be2 Bd6 7. O-O O-O 8. b3 b6 9. Bb2 Bb7 10. Bd3 Rc8 11. Rc1 Qe7 12. Re1 c5 13. cxd5 cxd4 14. Nxd4 Nxd5 15.
Nxd5 Bxd5 16. Qh5 Nf6 17. Qh4 Ne4 18. Qxe7 Bxe7 19. Ba6 Rxc1 20. Rxc1 Nc5 21. Be2 a5 1/2-1/2

[Site "Europe Echecs"]

[Event "Saint Louis Masters"]
[Date "2024.12.04"]
[White "Oparin, Grigoriy"]
[Black "Hardaway, Brewington"]
[WhiteElo "2653"]
[BlackElo "2499"]
[Round "3.10"]
[Result "1-0"]
[TimeControl "5400+30"]

1. Nf3 d5 2.
g3 c5 3. Bg2 g6 4. c4 d4 5. b4 cxb4 6. a3 bxa3 7. Nxa3 Nc6 8. Qa4 Bd7 9. Qb3 e5 10. O-O Nf6 11. d3 Bc5 12. Bh6 Ng4 13. Bg5 f6 14. Bd2 f5 15. h3 Nf6 16. Bh6 Qe7 17. Nc2 Rb8 18. e3 dxe3 19.
Nxe3 Bxe3 20. fxe3 Ng8 21. Bg5 Qg7 22. e4 Nf6 23. exf5 gxf5 24. c5 Nh5 25. Rae1 Nxg3 26. Nxe5 Nxe5 27. Bf4 Ne4 28. dxe4 Rg8 29. Re2 1-0

[Site "Europe Echecs"]

[Event "Saint Louis Masters"]
[Date "2024.12.04"]
[White "Cordova, Emilio"]
[Black "Hakobyan, Aram"]
[WhiteElo "2531"]
[BlackElo "2625"]
[Round "4.2"]
[Result "1/2-1/2"]
[TimeControl "5400+30"]

1. Nf3 Nf6 2. c4 e6 3.
e3 d5 4. Nc3 Bd6 5. b3 O-O 6. Bb2 c5 7. Be2 Nc6 8. cxd5 exd5 9. d4 cxd4 10.
Nxd4 Nxd4 11. Qxd4 Re8 12. O-O Be5 13. Qd2 Bf5 14. Rfd1 a6 15. Bf3 Bg4 16. Ne2 Bxf3 17. gxf3 Qd7 18. Kg2 h5 19. Rg1 Rac8 20. Bxe5 Rxe5 21. Nd4 Rg5+ 1/2-1/2

[Site "Europe Echecs"]

[Event "Saint Louis Masters"]
[Date "2024.12.04"]
[White "Saric, Ivan"]
[Black "Theodorou, Nikolas"]
[WhiteElo "2669"]
[BlackElo "2600"]
[Round "4.3"]
[Result "1/2-1/2"]
[TimeControl "5400+30"]

1. e4 c5 2.
Nf3 Nc6 3.
Bb5 e5 4.
O-O Nge7 5.
Bc4 Ng6 6.
c3 Be7 7. d4 exd4 8. cxd4 d6 9. dxc5 dxc5 10.
Qxd8+ Bxd8 11. Be3 b6 12. Nc3 O-O 13. h3 Bf6 14. Rad1 Bb7 15. Bd5 h6 16. Rd2 Bxc3 17. bxc3 Rfe8 18. Bxc5 bxc5 19. Rb1 Re7 20. Rdb2 Na5 21. Bxb7 Nxb7 22. Rxb7 Rxe4 23. Rc7 Rc4 24. Rbb7 Rf8 25. Rxa7 Rxc3 26. Kh2 Rc2 27. Kg3 h5 28. a4 h4+ 29. Nxh4 Nxh4 30. Kxh4 Rxf2 31. Kg3 Ra2 32. h4 g6 33. Kh3 Kg7 34. Rxc5 Rd8 35. Rc3 Rf2 36. a5 Rdd2 37. Rf3 Rxf3+ 38. gxf3 Ra2 39. a6 Ra4 40. Kg3 Kf6 41. Kf2 Rxh4 42. Rb7 Ra4 43. a7 g5 44. Ke3 Kg6 45. Kd3 f6 46. Kc3 Kf5 47. Kb3 Ra1 48. Kc4 Kf4 49. Rf7 Kxf3 50. Rxf6+ Kg2 51. Rg6 1/2-1/2

[Site "Europe Echecs"]

[Event "Saint Louis Masters"]
[Date "2024.12.04"]
[White "Nyzhnyk, Illya"]
[Black "Robson, Ray"]
[WhiteElo "2564"]
[BlackElo "2700"]
[Round "4.4"]
[Result "1/2-1/2"]
[TimeControl "5400+30"]

1. c4 e5 2.
Nc3 Nf6 3.
Nf3 Nc6 4.
d4 exd4 5.
Nxd4 Bb4 6.
Nxc6 dxc6 7.
Qxd8+ Kxd8 8. f3 Be6 9.
e4 Bxc3+ 10.
bxc3 Nd7 11.
Be3 Nb6 12.
c5 Na4 13.
O-O-O+ Ke7 14. Kc2 b6 15. f4 f6 16. f5 Bf7 17. e5 fxe5 18. Bg5+ Ke8 19. Bd3 h6 20. Bh4 Nxc5 21. Rhe1 Nxd3 22. Rxd3 g5 23. Bg3 Rh7 24. Bxe5 1/2-1/2

[Site "Europe Echecs"]

[Event "Saint Louis Masters"]
[Date "2024.12.04"]
[White "Kantor, Gergely"]
[Black "Oparin, Grigoriy"]
[WhiteElo "2550"]
[BlackElo "2653"]
[Round "4.5"]
[Result "1/2-1/2"]
[TimeControl "5400+30"]

1. d4 Nf6 2.
c4 e6 3. Nf3 b6 4. g3 Bb7 5. Bg2 Bb4+ 6. Bd2 c5 7. d5 exd5 8. Bxb4 cxb4 9. Nh4 Qc7 10. cxd5 O-O 11. Qd2 Re8 12. O-O Qe5 13. Qxb4 Na6 1/2-1/2

[Site "Europe Echecs"]

[Event "Saint Louis Masters"]
[Date "2024.12.04"]
[White "Moradiabadi, Elshan"]
[Black "Donchenko, Alexander"]
[WhiteElo "2512"]
[BlackElo "2618"]
[Round "4.6"]
[Result "1/2-1/2"]
[TimeControl "5400+30"]

1. d4 Nf6 2.
c4 e6 3. Nf3 d5 4. g3 Bb4+ 5. Bd2 a5 6. Qc1 O-O 7. Bg2 Be7 8. O-O c6 9. Rd1 b6 10. Bf4 Ba6 11. Nbd2 Nbd7 12. e4 Rc8 13. e5 Ne8 14. b3 Nc7 15. Qb2 c5 16. Rac1 h6 17. Nb1 b5 18. dxc5 Bxc5 19.
cxd5 Nxd5 20. Nc3 Nxf4 21. gxf4 Qe7 22. Qe2 Nb6 23. Nd4 Qh4 24. Nc6 b4 25. Qxa6 Bxf2+ 26. Kf1 Be3 27. Ne4 Nd5 28.
Rc2 Qxh2 29.
Rxd5 Qg1+ 30. Ke2 Rxc6 31. Qxc6 exd5 32. Nd6 Ba7 33. Qxd5 Qe3+ 34. Kd1 1/2-1/2

[Site "Europe Echecs"]

[Event "Saint Louis Masters"]
[Date "2024.12.04"]
[White "Quesada Perez, Yasser"]
[Black "Kevlishvili, Robby"]
[WhiteElo "2577"]
[BlackElo "2556"]
[Round "4.7"]
[Result "1/2-1/2"]
[TimeControl "5400+30"]

1. e4 e5 2.
Nf3 Nc6 3.
Bc4 Bc5 4.
c3 Nf6 5. d3 d6 6. h3 O-O 7. O-O Bb6 8. Re1 Ne7 9. Nbd2 Ng6 10. Bb3 c6 11. Nf1 h6 12. Ng3 d5 13. exd5 Nxd5 14. d4 exd4 15. Nxd4 a5 16. Ndf5 Be6 17. Qf3 a4 18. Bc2 Ra5 19. Nxg7 Kxg7 20. Nh5+ Kh8 21. Bxh6 Rg8 22. Rxe6 fxe6 23. Qf7 Bxf2+ 24.
Kh1 Qe7 25.
Bxg6 Qxf7 26. Bxf7 Rga8 27. Rf1 Be3 28. Bg7+ Kh7 29. Be5 Rf8 30. Bg7 Rxf7 31. Rxf7 Kg6 32.
Rf3 Kxh5 33.
c4 Bg5 34.
cxd5 Rxd5 35. Bf6 Rd2 36. Bc3 Rc2 37. a3 Bc1 38. g4+ Kg6 39. h4 Bxb2 40. Rf6+ Kg7 41. Bxb2 Rxb2 42. g5 Re2 43. h5 Re5 44. h6+ Kh8 45. Rf8+ Kh7 46. Rf7+ Kh8 47. Rg7 c5 48. Kg2 c4 49. g6 Rh5 50. Rh7+ Kg8 51. Rg7+ Kh8 52. Rh7+ Kg8 53. Rg7+ 1/2-1/2

[Site "Europe Echecs"]

[Event "Saint Louis Masters"]
[Date "2024.12.04"]
[White "Zhou, Jianchao"]
[Black "Woodward, Andy"]
[WhiteElo "2572"]
[BlackElo "2530"]
[Round "4.8"]
[Result "1-0"]
[TimeControl "5400+30"]

1. c4 Nf6 2.
Nc3 d5 3.
cxd5 Nxd5 4.
g3 e5 5. Bg2 Nb6 6. Nf3 Nc6 7. O-O Be7 8. d3 O-O 9. Be3 Re8 10. a4 Bb4 11. d4 e4 12. Ne5 Bxc3 13.
bxc3 Bf5 14.
a5 Nd5 15.
Nxc6 bxc6 16. Qd2 Qd7 17. c4 Ne7 18. Rfb1 Nc8 19. Qb4 Nd6 20. Qc5 a6 21. Rb4 Bg4 22. d5 Bxe2 23. dxc6 Qe6 24. Bf4 Nxc4 25. Rc1 Rad8 26. Rbxc4 Rd5 27. Qb4 Bxc4 28. Qxc4 Rd1+ 29. Bf1 Rxc1 30. Bxc1 Qxc4 31. Bxc4 Re5 32. Bd2 Rc5 33. Bxa6 e3 34. fxe3 Rxc6 35. Bb7 Rc2 36. a6 Rxd2 37. a7 Rd1+ 38. Kf2 Ra1 39. a8=Q+ Rxa8 40. Bxa8 1-0

[Site "Europe Echecs"]

[Event "Saint Louis Masters"]
[Date "2024.12.04"]
[White "Vazquez, Guillermo"]
[Black "Dudin, Gleb"]
[WhiteElo "2569"]
[BlackElo "2506"]
[Round "4.9"]
[Result "1/2-1/2"]
[TimeControl "5400+30"]

1. e4 c5 2.
Nf3 d6 3. d4 cxd4 4. Qxd4 Nc6 5. Qe3 g6 6. Be2 Bg7 7. O-O Nf6 8. h3 O-O 9. Rd1 Be6 10. Nc3 Rc8 11. Rb1 a6 12. b3 b5 13. Bb2 Nb4 14. Rd2 Nd7 15. Nd4 Qb6 16. Bd1 Rc7 17. a3 Nc6 18. Nce2 Rfc8 19.
Nxc6 Rxc6 20. Nd4 R6c7 21. Be2 Ne5 22. Nxe6 Qxe3 23. fxe3 fxe6 24. Bxe5 Bxe5 25. c4 Rb8 1/2-1/2

[Site "Europe Echecs"]

[Event "Saint Louis Masters"]
[Date "2024.12.04"]
[White "Kacharava, Nikolozi"]
[Black "Khanin, Semen"]
[WhiteElo "2510"]
[BlackElo "2568"]
[Round "4.10"]
[Result "1-0"]
[TimeControl "5400+30"]

1. e4 e5 2.
Nf3 Nc6 3.
Bc4 Nf6 4.
Ng5 d5 5.
exd5 Na5 6.
Bb5+ c6 7.
dxc6 bxc6 8.
Bd3 Nd5 9.
Nf3 Bd6 10.
O-O O-O 11.
Re1 Re8 12.
Nc3 f5 13.
Bf1 Qf6 14.
d4 e4 15.
Ne5 Bxe5 16.
dxe5 Qxe5 17. Bd2 Nf6 18. g3 Rd8 19. Bf4 Qe7 20. Qe2 Nd5 21. Nxd5 cxd5 22. Qb5 Nc4 23. Bxc4 dxc4 24. Qxc4+ Be6 25. Qe2 Qf6 26. Qa6 Re8 27. c3 Qf7 28. b3 Qf6 29. Qa5 Bf7 30. Rad1 g5 31. Be3 f4 32. Bd4 Qh6 33. gxf4 gxf4 34. Kh1 Re6 35. Rg1+ Bg6 36. Qc7 Rae8 37. Rg4 e3 38. f3 R8e7 39. Qd8+ Re8 40. Qd5 Qf8 41. h4 Qh6 42. Kg2 Kf7 43. c4 Qh5 44. Rxf4+ Kg8 45. Re1 e2 46. Kf2 Qxd5 47. cxd5 Ra6 48. Rxe2 Rxe2+ 49. Kxe2 Rxa2+ 50. Ke3 Ra3 51. Kf2 Rxb3 52. Bxa7 Rb7 53. Bc5 Rb5 54. Rf8+ Kg7 55. Rc8 Kf6 56. d6 Rb7 57. Be3 Ke5 58. Rd8 Bf5 59. Rf8 Ke6 60. Bf4 Bg6 61. Ra8 Rb2+ 62. Kg3 Rb7 63. Ra5 Kd7 64. h5 Bf7 65. Kg4 Be6+ 66. Kg5 Rb8 67. Ra7+ Kc6 68. Kf6 Bh3 69. Rc7+ Kd5 70. d7 Rg8 71. h6 Rg6+ 72. Kf7 1-0

[Site "Europe Echecs"]

[Event "Saint Louis Masters"]
[Date "2024.12.05"]
[White "Theodorou, Nikolas"]
[Black "Caruana, Fabiano"]
[WhiteElo "2600"]
[BlackElo "2805"]
[Round "5.1"]
[Result "1/2-1/2"]
[TimeControl "5400+30"]

1. d4 Nf6 2.
c4 e6 3. Nf3 d5 4. Nc3 Nbd7 5. g3 Be7 6. Bg2 O-O 7. Qd3 b6 8. cxd5 Nxd5 9. O-O Bb7 10. Rd1 Nxc3 11.
bxc3 Nf6 12.
Bg5 Be4 13.
Qc4 c6 14.
Ne5 Bxg2 15.
Kxg2 Qd5+ 16. Qxd5 cxd5 17. c4 dxc4 18. Nxc4 h6 19. Bxf6 gxf6 20. d5 Rfd8 21. Ne3 Bc5 22. dxe6 fxe6 23. Kf3 Kf7 24. g4 Ke7 25. h4 Rac8 26. Rxd8 Rxd8 27. Rd1 Rc8 28. Rc1 Kd6 29. Rd1+ Ke7 30. Rc1 a5 31. Nf1 b5 32. Nd2 Rc7 33. Rb1 b4 34. Nc4 Bxf2 35. Nxa5 Bb6 36. Nb3 Rc3+ 37. Kg2 Rc4 38. Kf3 Rc3+ 39. Kg2 Rc4 40. Kf3 e5 41. e3 e4+ 42. Kf4 Ke6 43. Nd4+ Bxd4 44. exd4 Kd5 45. h5 Rc3 46. Kf5 Rf3 47. Kg6 Rf4 48. Rg1 e3 49. Kxh6 Kxd4 50. Kg7 e2 51. h6 Rf1 52. Rxf1 exf1=Q 53. h7 Qe2 54. h8=Q Qxg4+ 55. Kxf6 Kc3 56. Qh2 Qe4 57. Qf2 Kc4 58. Qf1+ Kd4 59. Qd1+ Kc5 60. Qb3 Qe1 61. Kf5 Kd4 62. Qb2+ Kd3 63. Qb3+ Kd4 64. Qb2+ Qc3 65. Qf2+ Kd3 66. Ke6 Qc6+ 67. Ke5 Qc7+ 68. Ke6 Qc6+ 69. Ke5 Qe4+ 70. Kd6 Qd4+ 71. Qxd4+ Kxd4 72. Kc6 b3 73. axb3 Kc3 74. Kd7 Kxb3 1/2-1/2

[Site "Europe Echecs"]

[Event "Saint Louis Masters"]
[Date "2024.12.05"]
[White "Shankland, Sam"]
[Black "Cordova, Emilio"]
[WhiteElo "2672"]
[BlackElo "2531"]
[Round "5.2"]
[Result "0-1"]
[TimeControl "5400+30"]

1. e4 e6 2.
d4 d5 3. Nc3 a6 4. Nf3 Nf6 5. e5 Nfd7 6. Ne2 c5 7. c3 Nc6 8. a3 Nb6 9. Nf4 Bd7 10. Bd3 Qc7 11. O-O c4 12. Bc2 h6 13. Be3 O-O-O 14.
Nh5 Na5 15.
Nd2 Bc6 16.
g4 g6 17.
Ng3 h5 18.
gxh5 gxh5 19. Kh1 h4 20. Ne2 Nd7 21. Nf3 Nb3 22. Rb1 Be7 23. Nf4 Rhg8 24. Rg1 Rxg1+ 25. Qxg1 Nxe5 26. Nxe5 Qxe5 27. dxe5 d4+ 28. Ng2 h3 29. cxd4 Nxd4 30. Bxd4 hxg2+ 31. Qxg2 Bxg2+ 32. Kxg2 Rxd4 33. Rd1 Bc5 34. Kg3 Rxd1 35. Bxd1 Bd4 36. b3 Bxe5+ 37. f4 Bd6 38. bxc4 Bxa3 39. Kg4 Kd7 40. h4 f5+ 41. Kg5 Be7+ 42. Kg6 Bxh4 43. c5 Bf2 44. Bf3 Bxc5 45. Bxb7 a5 46. Ba6 Ke7 47. Bb5 Bd6 48. Kg5 Kf7 49. Bd7 Be7+ 50. Kh5 Kf6 51. Kh4 e5 52. Kg3 Bd6 53.
fxe5+ Kxe5 54. Kf3 f4 55. Ke2 Kd4 56. Be8 Kc3 57. Bc6 Bf8 58. Be8 Bh6 59. Bc6 Kb4 60. Kd3 a4 61. Bf3 a3 62. Bd5 f3 0-1

[Site "Europe Echecs"]

[Event "Saint Louis Masters"]
[Date "2024.12.05"]
[White "Hakobyan, Aram"]
[Black "Heimann, Mark"]
[WhiteElo "2625"]
[BlackElo "2459"]
[Round "5.3"]
[Result "1/2-1/2"]
[TimeControl "5400+30"]

1. d4 Nf6 2.
c4 e6 3. Nf3 d5 4. Nc3 Bb4 5. Bg5 h6 6. Bxf6 Qxf6 7. e3 O-O 8. Rc1 dxc4 9. Bxc4 c5 10. O-O cxd4 11. Ne4 Qd8 12. Nxd4 Nd7 13. a3 Be7 14. Bxe6 fxe6 15.
Nxe6 Qb6 16.
Nxf8 Nxf8 17. b4 a5 18. Nc3 axb4 19. Nd5 Qd8 20. axb4 Bd6 21. Qd4 Ne6 22. Qd3 Ng5 23. f4 Nf7 24. Qg6 Bd7 25. e4 Ra6 26. Qh5 Bc6 27. Kh1 Qe8 28. Rfe1 Bxd5 29. exd5 Qd7 30. b5 Rb6 31. Qg6 Bc5 32. Re6 Rxb5 33. f5 Bf8 34. f6 Rxd5 35. fxg7 Rd1+ 36. Re1 Rxe1+ 37. Rxe1 Bxg7 38. Qb6 Qc6 39. Qb3 b6 40. Rb1 Bd4 41. Qg3+ Kf8 42. Rf1 Qe6 43. Qd3 Be5 44. Qe3 Kg7 45. Rb1 Qd6 46. Qxb6 Bxh2 47. Qxd6 Bxd6 1/2-1/2

[Site "Europe Echecs"]

[Event "Saint Louis Masters"]
[Date "2024.12.05"]
[White "Robson, Ray"]
[Black "Zhou, Jianchao"]
[WhiteElo "2700"]
[BlackElo "2572"]
[Round "5.4"]
[Result "1/2-1/2"]
[TimeControl "5400+30"]

1. e4 c5 2.
Nf3 e6 3. d4 cxd4 4. Nxd4 Nc6 5. Nc3 Qc7 6. Qd3 Nxd4 7. Qxd4 a6 8. Be3 b5 9. f3 Bb7 10. a4 b4 11. Na2 Nf6 12. Nxb4 d5 13. e5 Nd7 14. Nd3 a5 15. Qc3 Qb8 16. f4 Ba6 17. Nc5 Bxf1 18.
Rxf1 Be7 19.
O-O-O Nxc5 20. Bxc5 Qc7 21. Bb4 Qxc3 22. Bxc3 g6 23. Rf3 Kd7 24. Be1 Rhc8 25. Rc3 Rcb8 26. Rcd3 h5 27. Kb1 Rc8 28. g3 Ke8 29. h3 Rc4 30. Rd4 Rcc8 31. g4 hxg4 32. hxg4 f6 33. b3 fxe5 34. fxe5 Rc6 35. Rf4 Bd8 36. Rf2 Bc7 37. Re2 Rb8 38. Ka2 Kf7 39. Rd3 Rh8 40. Rf3+ Ke8 41. Rf6 Bd8 42. Rff2 Bc7 43. Kb2 Rh1 44. Bc3 Rh4 45. Rf3 Bb6 46. Rg2 g5 47. Be1 Rh1 48. Bf2 Rf1 49. Rf6 Bc7 50. Bd4 Rxf6 51. exf6 Kf7 52. Re2 Bb6 53. Be5 Bc7 54. Bd4 Bb6 55. c3 Bxd4 56. cxd4 Kxf6 57. Rf2+ Ke7 58. Rc2 Ra6 59. Rc8 Ra7 60. Rh8 Kd6 61. Rd8+ Kc6 62. Rc8+ Kd6 63. Rd8+ Kc6 64. Rc8+ Kd6 65. Rb8 Kc6 66. Rb5 Ra8 67. Kc3 Kd6 68. Rb6+ Kd7 69. Rb5 Kd6 70. Kd2 e5 71. Rb6+ Kc7 72. Rg6 exd4 73. Rxg5 Kd6 74. Kd3 1/2-1/2

[Site "Europe Echecs"]

[Event "Saint Louis Masters"]
[Date "2024.12.05"]
[White "Vazquez, Guillermo"]
[Black "Sevian, Samuel"]
[WhiteElo "2569"]
[BlackElo "2696"]
[Round "5.5"]
[Result "1/2-1/2"]
[TimeControl "5400+30"]

1. e4 c5 2. c3 Qa5 3. g3 Nc6 4. Bg2 g6 5. Ne2 Ne5 6. d3 Qa6 7. Nf4 Bh6 8. Bf1 Qa5 9. Bg2 d6 10. O-O Bg4 11. Qb3 Rb8 12. d4 cxd4 13. cxd4 Nc6 14. Be3 Bd7 15. Nd2 Bg7 16. Nc4 Qd8 17. d5 Na5 18. Qb4 Nxc4 19.
Qxc4 Qa5 20.
a4 Nf6 21.
b4 Qa6 22.
b5 Qa5 23.
Ra2 Rc8 24.
Qe2 Ng4 25.
Bc1 Ne5 26.
Bd2 Qb6 27.
Be3 Qa5 28.
Bd2 Qd8 29.
Rc1 Rxc1+ 30. Bxc1 O-O 31. Be3 Qa5 32. h3 Rc8 33. Nd3 Nc4 34. Bf4 a6 35. bxa6 Qxa6 36. e5 dxe5 37. Nxe5 Nxe5 38.
Bxe5 Qxe2 39. Rxe2 Bxe5 40. Rxe5 Kf8 41. Re4 Ra8 42. Rb4 Ra7 43. a5 Ke8 44. Rh4 Kf8 45. Rb4 h5 46. d6 Rxa5 47.
Rxb7 Ba4 48.
dxe7+ Ke8 49. Rb8+ 1/2-1/2

[Site "Europe Echecs"]

[Event "Saint Louis Masters"]
[Date "2024.12.05"]
[White "Kevlishvili, Robby"]
[Black "Saric, Ivan"]
[WhiteElo "2556"]
[BlackElo "2669"]
[Round "5.6"]
[Result "1-0"]
[TimeControl "5400+30"]

1. e4 c5 2.
Nf3 d6 3. d4 cxd4 4. Nxd4 Nf6 5. Nc3 a6 6. Be3 e5 7. Nb3 Be7 8. h3 Be6 9. Qf3 O-O 10.
O-O-O b5 11.
g4 b4 12.
Nd5 a5 13.
Nd2 Nc6 14.
g5 Nd7 15.
h4 a4 16.
Kb1 Nd4 17.
Bxd4 exd4 18. Nc4 Ne5 19. Qg3 b3 20. cxb3 axb3 21. a3 Bxd5 22. exd5 Qc7 23. Rc1 Qd7 24. Bd3 Nxc4 25. Rxc4 Rfc8 26. Qh3 Qxh3 27. Rxh3 f6 28. g6 hxg6 29. Rxc8+ Rxc8 30. Bxg6 f5 31. Rxb3 Bxh4 32. Bxf5 Rc5 33. Rf3 Kf7 34. b4 Rc7 35. Kb2 Kf6 36. Bd3+ Ke7 37. Bg6 Bf6 38. Kb3 Rc1 39. a4 Kd7 40. a5 Kc7 41. Ka4 Kb7 42. Kb5 Re1 43. Rh3 Re5 44. Rh5 Re2 45. Rh8 Re5 46. Re8 Rxd5+ 47. Kc4 Re5 48. Be4+ d5+ 49. Bxd5+ Kc7 50. Rxe5 Bxe5 51. b5 d3 52. b6+ Kd6 53. a6 [Site "Europe Echecs"]

[Event "Saint Louis Masters"]
[Date "2024.12.05"]
[White "Oparin, Grigoriy"]
[Black "Stremavicius, Titas"]
[WhiteElo "2653"]
[BlackElo "2567"]
[Round "5.7"]
[Result "1-0"]
[TimeControl "5400+30"]

1. e4 c5 2.
Nf3 e6 3. d3 Nc6 4. g3 d5 5. Qe2 Nge7 6. Bg2 dxe4 7. dxe4 Nd4 8. Nxd4 cxd4 9. O-O Nc6 10. e5 Qc7 11. Bf4 Be7 12. h4 O-O 13. Rd1 Rd8 14. Nd2 Bd7 15. Ne4 Nxe5 16. Ng5 f6 17. Rxd4 h6 18. Ne4 Qa5 19. Nc3 Bc6 20. Bxe5 Qxe5 21.
Qxe5 fxe5 22. Rxd8+ Rxd8 23. Bxc6 bxc6 24. Ne4 Rd4 25. f3 h5 26. Kf2 Kf7 27. Ke2 Bd8 28. a4 Ke7 29. b3 Rd5 30. c3 a5 31. Rb1 Bb6 32. b4 axb4 33. Rxb4 Bc7 34. Rc4 Kd7 35. g4 Bd6 36. gxh5 Be7 37. Ng3 Ra5 38. Rg4 Bf8 39. Ne4 Ra8 40. Nd2 Kd8 41. Kd3 Ra7 42. Nc4 Rxa4 43. Nxe5 Ra6 44. h6 gxh6 45. Rg8 Ke7 46. h5 Bg7 47. Rxg7+ Kf6 48. Rg6+ Kxe5 49. Rxh6 Ra1 50. Rh8 Rf1 51. Ke2 Rc1 52. Kd3 Rf1 53. Rf8 Rh1 54. f4+ Kd6 55. Rh8 Rh3+ 56. Ke4 Ke7 57. h6 Kf7 58. c4 Kg6 59. h7 Rh1 60. Ke5 Re1+ 61. Kd6 Re4 62. c5 Re3 1-0

[Site "Europe Echecs"]

[Event "Saint Louis Masters"]
[Date "2024.12.05"]
[White "Donchenko, Alexander"]
[Black "Nyzhnyk, Illya"]
[WhiteElo "2618"]
[BlackElo "2564"]
[Round "5.8"]
[Result "1-0"]
[TimeControl "5400+30"]

1. d4 d5 2.
c4 c6 3. Nf3 Nf6 4. e3 e6 5. Bd3 Nbd7 6. b3 Bd6 7. Bb2 b6 8. O-O Bb7 9. Nc3 O-O 10. Qc2 h6 11. Rad1 dxc4 12.
bxc4 c5 13.
d5 exd5 14.
Nxd5 Re8 15.
e4 Bxd5 16.
cxd5 a6 17.
a4 Qc7 18.
Rfe1 c4 19.
Bxc4 Rac8 20. Rc1 Bf4 21. d6 Qxd6 22. e5 Qb4 23. exf6 Bxc1 24. Rxe8+ Rxe8 25. Qxc1 b5 26. axb5 axb5 27. Bf1 gxf6 28. h3 1-0

[Site "Europe Echecs"]

[Event "Saint Louis Masters"]
[Date "2024.12.05"]
[White "Antipov, Mikhail Al."]
[Black "Kantor, Gergely"]
[WhiteElo "2594"]
[BlackElo "2550"]
[Round "5.9"]
[Result "0-1"]
[TimeControl "5400+30"]

1. e4 e5 2.
Nf3 Nc6 3.
Bc4 Nf6 4.
d3 Bc5 5.
O-O O-O 6.
Nbd2 d6 7.
c3 a5 8. h3 Be6 9. Bb5 Ba7 10. Re1 Ne7 11. Ba4 Ng6 12. d4 Nh5 13. Nf1 Nhf4 14. Bc2 Qd7 15. h4 f5 16. d5 Bf7 17. exf5 Bxd5 18. Ne3 Bc6 19. fxg6 Nh3+ 20. Kf1 e4 21. Ba4 b5 22. Bb3+ Kh8 23. Bd5 Bxd5 24.
Qxd5 exf3 25. Nd1 fxg2+ 26. Kxg2 Qg4+ 0-1

[Site "Europe Echecs"]

[Event "Saint Louis Masters"]
[Date "2024.12.05"]
[White "Dudin, Gleb"]
[Black "Bok, Benjamin"]
[WhiteElo "2506"]
[BlackElo "2593"]
[Round "5.10"]
[Result "1/2-1/2"]
[TimeControl "5400+30"]

1. c4 Nf6 2.
Nc3 e5 3.
Nf3 Nc6 4.
e3 Be7 5. a3 d5 6. cxd5 Nxd5 7. Qc2 O-O 8. Nxd5 Qxd5 9. Bd3 Kh8 10. b4 f5 11. Bc4 Qd6 12. h4 e4 13. Ng5 Qh6 14. Nh3 a5 15. b5 Ne5 16. Bb2 Bf6 17. Be2 Be6 18. Nf4 Bf7 19. Rh3 a4 20. Rc1 c6 21. h5 Kg8 22. Ba1 Rfd8 1/2-1/2

[Site "Europe Echecs"]

[Event "Saint Louis Masters"]
[Date "2024.12.05"]
[White "Caruana, Fabiano"]
[Black "Cordova, Emilio"]
[WhiteElo "2805"]
[BlackElo "2531"]
[Round "6.1"]
[Result "1-0"]
[TimeControl "5400+30"]

1. e4 c5 2.
Nf3 Nc6 3.
Bb5 e6 4.
O-O Nge7 5.
Re1 Nd4 6.
Nxd4 cxd4 7.
d3 Nc6 8.
Nd2 a6 9.
Ba4 b5 10.
Bb3 Bb7 11.
Qh5 Qf6 12.
a4 Qg6 13.
Qh3 h5 14.
f4 Qg4 15.
Qf3 Qxf3 16.
Nxf3 Bb4 17.
Bd2 Bxd2 18.
Nxd2 Kd8 19.
Nf3 Kc7 20.
Kf2 Kb6 21.
c3 dxc3 22.
bxc3 f6 23.
Reb1 Kc7 24.
Bd1 bxa4 25.
Rxa4 g6 26.
Be2 Rhb8 27.
Rba1 Bc8 28.
Ke3 Rb2 29.
Rc4 Kd8 30.
Rc5 Rab8 31.
d4 Ne7 32.
g3 f5 33. e5 Bb7 34. Nd2 Be4 35. Bc4 Rc2 36. Nxe4 fxe4 37.
Kxe4 Rxh2 38. Rxa6 Rh3 39. Bxe6 dxe6 40. Rd6+ Ke8 41. Rxe6 Kd8 42. d5 Rxg3 43. d6 Rb7 44. Rf6 Ke8 45. e6 Rg1 46. d7+ Rxd7 47. exd7+ Kxd7 48. Ra5 h4 49. Rf7 Ke6 50. Rh7 Nf5 51. Ra6+ Nd6+ 52. Kd4 Rd1+ 53. Kc5 Rd5+ 54. Kb4 Rb5+ 55. Ka3 Rh5 56. Rxh5 gxh5 57. Kb4 Kd5 58. Ra5+ Ke4 59. Rxh5 Nf5 60. c4 Kxf4 61. c5 Kg4 62. Rh7 h3 63. c6 Kg3 64. c7 Nd6 65. Kc5 Nc8 66. Rh8 h2 67. Rxc8 h1=Q 68. Rg8+ Kf2 69. Rf8+ Ke2 70. c8=Q Qc1+ 71. Kd6 Qd2+ 72. Ke7 Qb4+ 73. Kf6 Qd4+ 74. Kg6 Qg1+ 75. Kh5 Qh2+ 76. Kg5 Qe5+ 77. Qf5 Qg7+ 78. Kh5 1-0

[Site "Europe Echecs"]

[Event "Saint Louis Masters"]
[Date "2024.12.05"]
[White "Can, Isik"]
[Black "Oparin, Grigoriy"]
[WhiteElo "2499"]
[BlackElo "2653"]
[Round "6.2"]
[Result "1/2-1/2"]
[TimeControl "5400+30"]

1. e4 e5 2.
Nf3 Nc6 3.
Nc3 Nf6 4.
d4 exd4 5.
Nxd4 Bb4 6.
Nxc6 bxc6 7.
Bd3 O-O 8.
O-O d5 9.
Bd2 Bxc3 10.
Bxc3 dxe4 11. Bxf6 Qxf6 12. Bxe4 Qxb2 13. Bxc6 Rb8 14. Rb1 Qxb1 15. Qxb1 Rxb1 16. Rxb1 Rd8 1/2-1/2

[Site "Europe Echecs"]

[Event "Saint Louis Masters"]
[Date "2024.12.05"]
[White "Kantor, Gergely"]
[Black "Hakobyan, Aram"]
[WhiteElo "2550"]
[BlackElo "2625"]
[Round "6.3"]
[Result "0-1"]
[TimeControl "5400+30"]

1. d4 Nf6 2.
c4 e6 3. Nf3 d5 4. g3 Bb4+ 5. Bd2 a5 6. Bg2 dxc4 7. Qc2 c5 8. a3 Bxd2+ 9.
Nbxd2 cxd4 10. Nxc4 Nc6 11. O-O d3 12. exd3 O-O 13. Rac1 Ra6 14. Nce5 h6 15. Rfd1 Nd5 16. Nxc6 Rxc6 17. Qd2 Rxc1 18. Rxc1 b6 19. Ne5 Bb7 20. d4 Ba8 21. Qe2 Ne7 22. Bxa8 Qxa8 23. Nd7 Rc8 24. Rxc8+ Qxc8 25. Qb5 Nd5 26. Ne5 g6 27. h4 Kg7 28. Kg2 h5 29. Kg1 Qd8 30. Qc6 Ne7 31. Qf3 f6 32. Nc4 b5 33. Ne3 Qxd4 34. Qb7 Qc5 35. b4 axb4 36. axb4 Qxb4 37. Nc2 Qb1+ 38. Kg2 Kf7 39. Na3 Qd3 40. Nxb5 Qd5+ 41. Qxd5 Nxd5 42. f4 e5 43. Kf3 Ke6 44. Ke4 f5+ 45. Kf3 e4+ 46. Ke2 Ne7 47. Nd4+ Kd5 48. Nc2 Kc5 49. Kd2 Nd5 50. Ke2 Kc4 51. Kd2 Nb6 52. Ne3+ Kb3 53. Kd1 Kb4 54. Ke1 Kc5 55. Ke2 Kd4 56. Nc2+ Kc4 57. Kd2 Kc5 58. Ke3 Nd5+ 59. Ke2 Nb4 60. Na3 Nc6 61. Kd2 Nd4 62. Ke3 Kb4 63. Nb1 Nf3 64. Ke2 Kb3 65. Kd1 Kb2 66. Nd2 Nxd2 67. Kxd2 Kb3 68. Ke2 Kc4 69. Ke3 Kc3 70. Ke2 Kd4 71. Kd2 e3+ 72. Ke1 Kd3 73. Kd1 e2+ 74. Ke1 Ke3 75. g4 hxg4 76.
h5 g3 0-1

[Site "Europe Echecs"]

[Event "Saint Louis Masters"]
[Date "2024.12.05"]
[White "Donchenko, Alexander"]
[Black "Kevlishvili, Robby"]
[WhiteElo "2618"]
[BlackElo "2556"]
[Round "6.4"]
[Result "1/2-1/2"]
[TimeControl "5400+30"]

1. c4 e6 2.
Nc3 d5 3. d4 Nf6 4. cxd5 exd5 5. Bg5 c6 6. e3 h6 7. Bh4 Be7 8. Bd3 O-O 9. Qc2 Re8 10. Nge2 a5 11. h3 Na6 12. a3 Nc7 13. Bg3 Ne6 14. O-O b6 15. Rad1 Ba6 16. Bf5 Bf8 17. Qd2 b5 18. Bd3 1/2-1/2

[Site "Europe Echecs"]

[Event "Saint Louis Masters"]
[Date "2024.12.05"]
[White "Heimann, Mark"]
[Black "Theodorou, Nikolas"]
[WhiteElo "2459"]
[BlackElo "2600"]
[Round "6.5"]
[Result "1-0"]
[TimeControl "5400+30"]

1. e4 c5 2.
Nf3 Nc6 3.
Bb5 Nf6 4.
Nc3 g6 5. h3 Qc7 6. O-O Bg7 7. Re1 e5 8. d3 h6 9. Be3 Nd4 10. Bc4 O-O 11. Nh2 Kh7 12. Ng4 Nxg4 13.
hxg4 d6 14.
Nd5 Qd8 15.
Bxd4 exd4 16. g3 Qg5 17. f3 f5 18. exf5 Bxf5 19. Qc1 Qxc1 20. Raxc1 Bd7 21. Re7 Bc6 22. Nc7 d5 23. Nxa8 dxc4 24. Nc7 Rxf3 25. Ne6 1-0

[Site "Europe Echecs"]